 Dungeon Crawl Stone Soup version 0.31-a0-536-ga3e2962e35 (webtiles) character file.

Game seed: 878403178739646679

27402 CrazyBamboolord the Thaumaturge (level 13, -11/97 HPs)
             Began as a Djinni Hedge Wizard on Aug 13, 2023.
             Was a High Priest of Makhleb.
             Mangled by a +1 great sword of chaos (38 damage)
             ... on level 4 of the Lair of Beasts.
             The game lasted 00:34:45 (11868 turns).

CrazyBamboolord the Thaumaturge (DjHW)             Turns: 11868, Time: 00:34:45

Health: -11/97     AC:  9    Str: 11    XL:     13   Next: 65%
Gold:   639        EV: 22    Int: 31    God:    Makhleb [*****.] SH:  0 Dex: 13

rFire   + + .        k - +10 hammer "Ditaral" {venom, Stlth+}
rCold   x . .        (no shield)
rNeg    . . .        b - +0 robe
rPois   ∞            c - +0 hat
rElec   .            o - +1 cloak {Will+}
rCorr   .            G - +0 pair of gloves
SInv    .            (boots unavailable)
Will    ++...        p - amulet "Nucliototh" {Acrobat Harm Str+2 Int+4}
Stlth   ++++         e - +4 ring of protection
HPRegen 0.36/turn    m - +6 ring of intelligence
MPRegen 0.00/turn

%: harm (+30% outgoing, +20% incoming), acrobat, infuse magic (-12 HP)
@: agile, flying
A: sickness immunity, fire resistance 2, cold vulnerability 1, float, innate
caster, HP casting, extra vitality 1
a: Renounce Religion, Minor Destruction, Lesser Servant of Makhleb, Major
Destruction, Greater Servant of Makhleb


You were on level 4 of the Lair of Beasts.
You worshipped Makhleb.
Makhleb was extremely pleased with you.
You visited 3 branches of the dungeon, and saw 13 of its levels.
You also visited: Ossuary.

You collected 835 gold pieces.
You spent 196 gold pieces at shops.

Inventory:

Hand Weapons
 k - the +10 hammer "Ditaral" (weapon) {venom, Stlth+}
   (You found it on level 3 of the Dungeon)

   Stlth+:    It makes you more stealthy.
Armour
 b - a +0 robe (worn)
 c - a +0 hat (worn)
 o - a +1 cloak of willpower (worn)
 G - a +0 pair of gloves (worn)
Jewellery
 e - a +4 ring of protection (left hand)
 m - a +6 ring of intelligence (right hand)
 p - the amulet "Nucliototh" (around neck) {Acrobat Harm Str+2 Int+4}
   (You found it on level 4 of the Dungeon)

   [amulet of the acrobat]

   Acrobat:   It increases your evasion while moving and waiting.
   Str+2:     It affects your strength (+2).
   Int+4:     It affects your intelligence (+4).
   Harm:      It increases damage dealt and taken.
 q - an amulet of reflection
 s - a ring of ice
 y - a +5 ring of evasion
 O - an amulet of faith
Wands
 w - a wand of iceblast (23)
 z - a wand of acid (15)
 C - a wand of paralysis (13)
 L - a wand of mindburst (6)
Scrolls
 a - 3 scrolls of teleportation
 d - a scroll of enchant weapon
 v - a scroll of noise {unknown}
 B - a scroll of vulnerability {unknown}
 H - a scroll of revelation
 I - 3 scrolls of identify
 J - a scroll of fog
 K - a scroll of summoning {unknown}
 M - a scroll of blinking {unknown}
 N - a scroll of silence {unknown}
Potions
 f - 2 potions of might
 g - 3 potions of resistance
 h - a potion of mutation {unknown}
 i - a potion of magic {unknown}
 j - 4 potions of heal wounds
 l - 2 potions of attraction {unknown}
 n - 2 potions of cancellation {unknown}
 r - 7 potions of curing
 t - 3 potions of brilliance
 u - 3 potions of lignification {unknown}
 x - 3 potions of enlightenment
 A - 2 potions of haste {unknown}
 D - a potion of ambrosia {unknown}
 E - a potion of invisibility {unknown}
 F - a potion of degeneration {unknown}


   Skills:
 * Level 10.3 Fighting
 * Level 11.5 Dodging
 + Level 4.6 Stealth
 * Level 12.6 Spellcasting
 * Level 12.6 Conjurations
 * Level 12.6 Hexes
 * Level 12.6 Summonings
 * Level 12.6 Necromancy
 * Level 12.6 Translocations
 * Level 12.6 Transmutations
 * Level 12.6 Fire Magic
 * Level 12.6 Ice Magic
 * Level 12.6 Air Magic
 * Level 12.6 Earth Magic
 * Level 12.6 Poison Magic


You knew the following spells:

 Your Spells              Type           Power      Damage    Failure   Level
a - Magic Dart            Conj           100%       1d8       0%          1
b - Slow                  Hex            100%       N/A       0%          1
c - Blink                 Tloc           100%       N/A       1%          2
d - Call Imp              Summ           100%       N/A       1%          2
e - Mephitic Cloud        Conj/Pois/Air  78%        N/A       1%          3
f - Sandblast             Erth           100%       2d20      0%          1
g - Scorch                Fire           100%       2d9       1%          2
h - Inner Flame           Hex/Fire       78%        N/A       1%          3
i - Ignite Poison         Fire/Tmut/Pois 78%        N/A       1%          3
j - Sticky Flame          Conj/Fire      78%        2d9       1%          4
k - Iskenderun's Battles  Conj           78%        2d13      1%          5
Your spell library was empty.

Dungeon Overview and Level Annotations

Branches:
Dungeon (8/15)             Temple (1/1) D:4            Lair (4/5) D:8
  Swamp (0/4) Lair:2       Spider (0/4) Lair:3        Slime (0/5) Lair:4
Ossuary (visited)

Altars:
Ashenzari
Cheibriados
Dithmenos
Elyvilon
Fedhas
Gozag
Hepliaklqana
Makhleb
Nemelex Xobeh
Okawaru
Qazlal
Ru
Trog
Uskayaw
Wu Jian
Xom
Yredelemnul
Zin
The Shining One

Shops:
D:3 !

Portals:
Abyss: Lair:3

Annotations:
D:4 2 runed translucent doors
Lair:1 2 transporters
Lair:3 2 transporters, Lixit's ghost, journeyman TeSh
Lair:4 Plog's ghost, journeyman DsGl


Innate Abilities, Weirdness & Mutations

You are immune to sickness and miasma.
You are immune to poison.
Your flesh is very heat resistant. (rF++)
You are vulnerable to cold. (rC-)
You float through the air rather than walking.
You learn spells naturally, not from books.
Your magical power is your life essence.
You have superior vitality. (+4 MHP)


Message History

Aim: a +1 great sword of chaos The sticky flame hits the +1 great sword of chaos but does no damage.
The +1 great sword of chaos is covered in liquid flames!
Your battlesphere fires!
The barrage of energy hits the +1 great sword of chaos.
The +1 great sword of chaos is lightly damaged.
The +1 great sword of chaos hits you!!
The +1 great sword of chaos freezes you.
Casting: Sticky Flame (safe; 1% risk of failure)
Confirm with . or Enter, or press ? or * to list all spells.
Aiming: Inner Flame (safe; 1% risk of failure)
Press: ? - help, Dir - move target, f - Plog's ghost, p - +1 great sword of chaos
Aim: Plog's ghost, wielding a weapon of flaming (chance to affect: 65%) Plog's ghost is filled with an inner flame.
The +1 great sword of chaos burns!
The +1 great sword of chaos hits you!! The +1 great sword of chaos burns you.
Unknown command.
Okay, then.
You feel much better. The +1 great sword of chaos hits you!
You feel agile all of a sudden.
Unknown command.
Casting: Inner Flame (safe; 1% risk of failure)
Confirm with . or Enter, or press ? or * to list all spells.
Flames lash Plog's ghost but do no damage.
Your battlesphere fires!
The barrage of energy hits the +1 great sword of chaos.
The +1 great sword of chaos is moderately damaged.
The +1 great sword of chaos completely misses you.
The +1 great sword of chaos hits you!
* * * LOW HITPOINT WARNING * * *
You are electrocuted!
* * * LOW HITPOINT WARNING * * *
Unknown command.
You feel much better. The +1 great sword of chaos hits you!!
* * * LOW HITPOINT WARNING * * *
You resist with almost no effort.
You feel much better.
The +1 great sword of chaos stops burning.
The +1 great sword of chaos hits you!!
You die...

## ##...#.[...#.##. ## #.##
###..###...######.
#.####.P####....# #..## #P.
.............#.###...# ##.
##..........### ##.### ## ##
#.......###..# #.#.##.###
#......##?#..### P........##
##.....#.W(....###.>......##
##.....##:#@..###...........
#P......###..*##............
#.......>.....##............
#............P##............
##............##............
#.##..........#......)....>.
#####......#..P.............
###..........#......#...
#.##.#.....###...###..


You could see a +1 great sword of chaos (ally target), Plog's ghost (inner
flame) and a friendly battlesphere.

Vanquished Creatures
  Snorg (Lair:3)
  A hydra (Lair:3)
  A catoblepas (Lair:3)
  Urug (Lair:3)
  Sonja (Lair:3)
  A skyshark (Lair:3)
  A pharaoh ant (Lair:3)
  5 black mambas
  9 elephants
  12 cane toads
  Maggie (Lair:1)
  A rime drake (Lair:1)
  8 komodo dragons
  An unseen horror skeleton (D:8)
  A burning bush (Lair:3)
  A tarantella (Lair:3)
  7 blink frogs
  The ghost of GordonOverkill the Sneak, an amateur OpDe (D:8)
  5 dream sheep (Lair:1)
  A slime creature (Lair:4)
  A jumping spider (Lair:3)
  18 yaks
  A shadow (D:8)
  2 wyverns
  A basilisk (Lair:2)
  A redback (Lair:2)
  3 steam dragons
  Edmund (D:5)
  9 water moccasins
  2 orc warriors
  2 ice beasts (D:6)
  A sky beast (D:4)
  3 black bears
  A hornet zombie (D:8)
  8 wolves
  3 ogres
  3 centaurs
  Blork the orc (D:5)
  16 bullfrogs
  A gnoll sergeant (D:4)
  2 scorpions (D:5)
  6 water moccasin zombies (Ossuary)
  2 howler monkeys
  A centaur zombie (D:8)
  2 hounds (D:4)
  6 jellies
  Crazy Yiuf (D:3)
  A centaur skeleton (D:8)
  2 sleepcaps (D:8)
  6 orc wizards
  3 mummies
  7 gnolls
  8 adders
  A river rat (Lair:1)
  2 shadow imps
  3 white imps
  2 ufetubi
  7 adder zombies (Ossuary)
  A worm (D:4)
  A dart slug (D:1)
  40 orcs
  7 endoplasms
  3 giant cockroaches
  8 goblins
  7 hobgoblins
  4 jackals (D:2)
  4 quokkas
  13 ball pythons
  6 bats
  3 frilled lizards
  3 gnoll zombies (Ossuary)
  5 hobgoblin zombies (Ossuary)
  6 kobolds
  4 kobold zombies (Ossuary)
  3 orc zombies (Ossuary)
  9 rats
327 creatures vanquished.

Vanquished Creatures (collateral kills)
  An orc (D:6)
1 creature vanquished.

Grand Total: 328 creatures vanquished

Notes
Turn   | Place    | Note
-------+----------+-------------------------------------------
     0 | D:1      | CrazyBamboolord the Djinni Hedge Wizard began the quest for
                  | the Orb.
     0 | D:1      | CrazyBamboolord set off with the following spells
                  | memorised: Magic Dart, Slow, Blink, Call Imp, Mephitic
                  | Cloud.
     0 | D:1      | Reached XP level 1. HP: 15/15 MP: 0/0
   270 | D:1      | Reached XP level 2. HP: 17/21 MP: 0/0
   964 | D:1      | Reached XP level 3. HP: 21/25 MP: 0/0
   964 | D:1      | Learned a level 1 spell: Sandblast
  1379 | D:2      | Reached XP level 4. HP: 29/31 MP: 0/0
  2023 | D:3      | Found a shadowy altar of Dithmenos.
  2229 | D:3      | Found Veuf's Distillery.
  2240 | D:3      | Bought a potion of heal wounds for 70 gold pieces
  2358 | D:3      | Identified the +10 hammer "Ditaral" {venom, Stlth+}
  2371 | D:3      | Found a runed translucent door.
  2372 | D:3      | Noticed Crazy Yiuf
  2518 | D:3      | Reached XP level 5. HP: 33/35 MP: 0/0
  2518 | D:3      | Learned a level 2 spell: Scorch
  2663 | D:3      | Killed Crazy Yiuf
  2736 | D:4      | Noticed a sky beast
  2743 | D:4      | Killed a sky beast
  2744 | D:4      | Reached XP level 6. HP: 31/40 MP: 0/0
  3006 | D:4      | Found a staircase to the Ecumenical Temple.
  3011 | Temple   | Entered the Ecumenical Temple
  3030 | Temple   | Became a worshipper of Makhleb the Destroyer
  3095 | D:4      | Found a white marble altar of Elyvilon.
  3236 | D:4      | Found a large runed translucent door.
  3237 | D:4      | Found a large runed translucent door.
  3250 | D:4      | Found a large runed translucent door.
  3250 | D:4      | Found a large runed translucent door.
  3267 | D:4      | Reached skill level 5 in Spellcasting
  3267 | D:4      | Reached skill level 5 in Conjurations
  3267 | D:4      | Reached skill level 5 in Hexes
  3267 | D:4      | Reached skill level 5 in Summonings
  3267 | D:4      | Reached skill level 5 in Necromancy
  3267 | D:4      | Reached skill level 5 in Translocations
  3267 | D:4      | Reached skill level 5 in Transmutations
  3267 | D:4      | Reached skill level 5 in Fire Magic
  3267 | D:4      | Reached skill level 5 in Ice Magic
  3267 | D:4      | Reached skill level 5 in Air Magic
  3267 | D:4      | Reached skill level 5 in Earth Magic
  3267 | D:4      | Reached skill level 5 in Poison Magic
  3269 | D:4      | Reached XP level 7. HP: 35/45 MP: 0/0
  3269 | D:4      | Learned a level 3 spell: Inner Flame
  3284 | D:4      | Identified the amulet "Nucliototh" {Acrobat Harm Str+2
                  | Int+4}
  3503 | D:4      | Reached * piety under Makhleb
  3814 | D:3      | Bought a potion of curing for 42 gold pieces
  3814 | D:3      | Bought a potion of curing for 42 gold pieces
  3814 | D:3      | Bought a potion of curing for 42 gold pieces
  3857 | D:5      | Entered Level 5 of the Dungeon
  3863 | D:5      | Noticed Blork the orc
  3865 | D:5      | Killed Blork the orc
  4006 | D:5      | Noticed Edmund
  4017 | D:5      | Killed Edmund
  4018 | D:5      | Reached XP level 8. HP: 42/50 MP: 0/0
  4074 | D:5      | Found a stormy altar of Qazlal.
  4163 | D:5      | Found a glowing golden altar of the Shining One.
  4202 | D:5      | Found a shimmering altar of Xom.
  4373 | D:5      | Reached ** piety under Makhleb
  4894 | D:6      | Reached XP level 9. HP: 50/55 MP: 0/0
  4894 | D:6      | Learned a level 3 spell: Ignite Poison
  5854 | D:7      | Reached XP level 10. HP: 47/60 MP: 0/0
  6355 | D:8      | Found a sand-covered staircase.
  6364 | Ossuary  | Entered an ossuary
  6418 | Ossuary  | Reached *** piety under Makhleb
  6511 | Ossuary  | Reached skill level 1 in Fighting
  6602 | Ossuary  | Reached skill level 10 in Spellcasting
  6602 | Ossuary  | Reached skill level 10 in Conjurations
  6602 | Ossuary  | Reached skill level 10 in Hexes
  6602 | Ossuary  | Reached skill level 10 in Summonings
  6602 | Ossuary  | Reached skill level 10 in Necromancy
  6602 | Ossuary  | Reached skill level 10 in Translocations
  6602 | Ossuary  | Reached skill level 10 in Transmutations
  6602 | Ossuary  | Reached skill level 10 in Fire Magic
  6602 | Ossuary  | Reached skill level 10 in Ice Magic
  6602 | Ossuary  | Reached skill level 10 in Air Magic
  6602 | Ossuary  | Reached skill level 10 in Earth Magic
  6602 | Ossuary  | Reached skill level 10 in Poison Magic
  6843 | D:8      | Reached skill level 5 in Dodging
  7041 | D:8      | Found a staircase to the Lair.
  7064 | D:8      | Found a runed translucent gate.
  7064 | D:8      | Found a runed translucent gate.
  7066 | D:8      | Found a runed translucent gate.
  7068 | D:8      | Noticed GordonOverkill's ghost (amateur OpDe)
  7293 | D:8      | Killed GordonOverkill's ghost
  7410 | Lair:1   | Entered Level 1 of the Lair of Beasts
  7410 | Lair:1   | Found a transporter.
  7419 | Lair:1   | Noticed Maggie
  7422 | Lair:1   | Noticed a swamp dragon
  7422 | Lair:1   | Noticed a black mamba
  7422 | Lair:1   | Noticed a swamp dragon
  7422 | Lair:1   | Noticed a swamp dragon
  7422 | Lair:1   | Noticed a swamp dragon
  7423 | Lair:1   | Noticed a cane toad
  7426 | Lair:1   | Noticed a cane toad
  7427 | Lair:1   | Noticed a rime drake
  7429 | Lair:1   | Killed Maggie
  7430 | Lair:1   | Killed a cane toad
  7431 | Lair:1   | Reached XP level 11. HP: 49/74 MP: 0/0
  7431 | Lair:1   | Learned a level 4 spell: Sticky Flame
  7438 | Lair:1   | Reached **** piety under Makhleb
  7447 | Lair:1   | Reached skill level 5 in Fighting
  8128 | Lair:1   | Found a transporter.
  8700 | Lair:2   | Reached XP level 12. HP: 68/85 MP: 0/0
  9259 | Lair:2   | You are sucked into a shaft and drop 2 floors!
  9421 | Lair:3   | Noticed Sonja
  9424 | Lair:3   | Killed Sonja
  9520 | Lair:3   | Noticed a skyshark
  9522 | Lair:3   | Noticed Snorg
  9526 | Lair:3   | Killed a skyshark
  9526 | Lair:3   | Noticed Urug
  9538 | Lair:3   | Reached skill level 10 in Dodging
  9538 | Lair:3   | Killed Snorg
  9538 | Lair:3   | Noticed a pharaoh ant
  9539 | Lair:3   | Killed Urug
  9761 | Lair:2   | Reached XP level 13. HP: 83/94 MP: 0/0
  9761 | Lair:2   | Learned a level 5 spell: Iskenderun's Battlesphere
  9806 | Lair:2   | Found a staircase to the Swamp.
 10414 | Lair:3   | Reached ***** piety under Makhleb
 10452 | Lair:3   | Noticed a catoblepas
 10461 | Lair:3   | Killed a catoblepas
 10535 | Lair:3   | Noticed an eight-headed hydra
 10538 | Lair:3   | Killed an eight-headed hydra
 10637 | Lair:3   | Found a hole to the Spider Nest.
 10783 | Lair:3   | Reached skill level 10 in Fighting
 10837 | Lair:3   | Found a transporter.
 10857 | Lair:3   | Found a transporter.
 10909 | Lair:3   | Found a one-way gate to the infinite horrors of the Abyss.
 10909 | Lair:3   | Noticed Lixit's ghost (journeyman TeSh)
 10909 | Lair:3   | Noticed a cacodemon
 11446 | Lair:4   | Found a staircase to the Slime Pits.
 11825 | Lair:4   | Found a runed translucent door.
 11825 | Lair:4   | Noticed Plog's ghost (journeyman DsGl)
 11855 | Lair:4   | Found a shimmering altar of Xom.
 11867 | Lair:4   | HP: 2/97 [+1 great sword of chaos (34)]
 11868 | Lair:4   | Mangled by a +1 great sword of chaos

Illustrated notes

Levels and vault maps discovered:
D:1:      dpeg_arrival_round_a, layout_loops_corners
D:2:      minmay_door_path, layout_basic, basic_altar, minivault_11,
          minmay_statues_item
D:3:      layout_basic, mainiacjoe_overflow_surrounded_room, serial_shops, shop,
          uniq_crazy_yiuf_cottage
D:4:      layout_gridville, mainiacjoe_overflow_catwalk_spiral, temple_statues,
          chequers_serial_rivers_room_a, minmay_misc_feat_pillars,
          nicolae_eternal_life, minmay_hollow_rounded_squares
D:5:      layout_loops_ring, nicolae_tso_swordbearing_angel,
          kennysheep_mini_moat, mainiacjoe_overflow_paths, item_on_display_a,
          uniq_blork_the_orc, uniq_edmund
D:6:      layout_rooms, serial_bayou_crossing
D:7:      layout_cave_pools
D:8:      layout_basic, vehumet_crystals, lair_entry_dummy,
          gammafunk_ghost_necromancy, gup_ossuary_entry_pyramid,
          minmay_misc_feat_alley
Temple:   regret_index_temple_generic_petals
Lair:1:   gammafunk_cloud_chamber, layout_hall_layers, pond, uniq_maggie
Lair:2:   layout_regular_city, swamp_mist, serial_bayou_shore_b
Lair:3:   layout_gridlike, nicolae_spider_entry_lesser_pyramids,
          gammafunk_ghost_abyssal_escape, evilmike_ambush
          [evilmike_ambush_outer_basic, evilmike_ambush_inner_basic],
          uniq_snorg, uniq_urug, uniq_sonja
Lair:4:   layout_cave_pods, minmay_slime_entry_pillars, ebering_ghost_xom

Skill      XL: |  1  2  3  4  5  6  7  8  9 10 11 12 13 |
---------------+----------------------------------------+-----
Spellcasting   | 3 4 5 6 7 9 10 11 12 | 12.6
Conjurations   | 3 4 5 6 7 9 10 11 12 | 12.6
Hexes          | 3 4 5 6 7 9 10 11 12 | 12.6
Summonings     | 3 4 5 6 7 9 10 11 12 | 12.6
Necromancy     | 3 4 5 6 7 9 10 11 12 | 12.6
Translocations | 3 4 5 6 7 9 10 11 12 | 12.6
Transmutations | 3 4 5 6 7 9 10 11 12 | 12.6
Fire Magic     | 3 4 5 6 7 9 10 11 12 | 12.6
Ice Magic      | 3 4 5 6 7 9 10 11 12 | 12.6
Air Magic      | 3 4 5 6 7 9 10 11 12 | 12.6
Earth Magic    | 3 4 5 6 7 9 10 11 12 | 12.6
Poison Magic   | 3 4 5 6 7 9 10 11 12 | 12.6
Stealth        | 2 3 4 |  4.6
Dodging        | 3 6 8 10 11 | 11.5
Fighting       | 4 7 9 10 | 10.3

Action                     |  1- 3 |  4- 6 |  7- 9 | 10-12 | 13-15 || total
---------------------------+-------+-------+-------+-------+-------++-------
  Melee: Mace              |       |       |     3 |     9 |       ||    12
   Cast: Magic Dart        |    62 |    67 |   134 |    71 |    67 ||   401
         Sandblast         |    13 |    17 |     9 |     1 |     1 ||    41
         Scorch            |       |    21 |    56 |    87 |     4 ||   168
         Inner Flame       |       |       |     7 |    52 |    40 ||    99
         Mephitic Cloud    |       |       |     3 |    11 |       ||    14
         Ignite Poison     |       |       |     3 |     9 |       ||    12
         Call Imp          |       |       |     2 |     1 |       ||     3
         Sticky Flame      |       |       |       |     4 |     2 ||     6
         Iskenderun's Batt |       |       |       |       |    14 ||    14
    Use: Scroll            |       |     4 |       |     9 |     1 ||    14
         Potion            |       |       |       |     4 |     3 ||     7
   Stab: Sleeping          |       |       |     1 |       |       ||     1
 Armour: Robe              |     2 |     7 |     6 |    32 |     3 ||    50
  Dodge: Dodged            |    14 |    11 |    17 |   132 |    12 ||   186

Table legend: (Time is in decaauts)
 A = Elapsed time spent in this place.
 B = Non-inter-level travel time spent in this place.
 C = Inter-level travel time spent in this place.
 D = Time resting spent in this place.
 E = Time spent auto-exploring this place.
 F = Levels seen in this place.
 G = Mean time per level.
                   A        B        C        D        E       F      G
               +--------+--------+--------+--------+--------+-----+--------+
         Total |  11889 |  11420 |    469 |   1264 |   8458 |  14 |  849.2 |
       Dungeon |   7231 |   6872 |    359 |    265 |   5665 |   8 |  903.9 |
        Temple |     36 |      2 |     34 |      0 |      0 |   1 |   36.0 |
          Lair |   4290 |   4214 |     76 |    819 |   2790 |   4 | 1072.5 |
       Ossuary |    330 |    330 |      0 |    180 |      3 |   1 |  330.0 |
               +--------+--------+--------+--------+--------+-----+--------+

Top non-repeatable levels by time:
  Lair:1: 1291 daAuts
  Lair:2: 1243 daAuts
     D:1: 1129 daAuts
     D:4: 1049 daAuts
     D:8: 1033 daAuts
     D:5: 1032 daAuts
  Lair:3: 993 daAuts
     D:2: 873 daAuts
     D:3: 782 daAuts
  Lair:4: 761 daAuts
     D:6: 678 daAuts
     D:7: 653 daAuts
 Ossuary: 330 daAuts
  Temple: 36 daAuts
